AoeStats
← Lukita

Black Forest

508287654Analyzed
4v4 RM · 9d ago on Sep 21, 2026· 49m 28s· 8 players
Game mode
Random Map
Map size
Large (8 player)
Population
200
Speed
Normal
Resources
Standard
Victory
Conquest
Starting age
Dark Age
Ending age
Imperial Age
RankedLock teamsTeams togetherTeam positionsShared explorationLock speedFull tech treeHidden civsTurbo modeCheats
Victory
Defeat
🇨🇳 Japanese · China
1223
+13
🇨🇳 Franks · China
1207
+14
🇺🇸 Britons · United States
1131
+17
🇬🇧 Ethiopians · United Kingdom
1129
+17
🇦🇷 Shu · Argentina
1196
-17
🇨🇴 Muisca · Colombia
1140
-15
🇦🇷 Portuguese · Argentina
1139
-15
🇦🇷 Persians · Argentina
1131
-14
Mortadela
1:14 Loom
11:45 Feudal Age
15:57 Castle Age
14:42 Double-Bit Axe
15:15 Horse Collar
17:24 Bow Saw
24:36 Wheelbarrow
24:13 Heavy Plow
28:04 Hand Cart
29:08 Caravan
33:12 Imperial Age
30:56 Forging
30:52 Scale Barding Armor
31:13 Town Watch
32:08 Iron Casting
32:30 Gold Mining
33:25 Chain Barding Armor
33:21 Elite War Elephant
34:27 Conscription
34:37 Husbandry
34:59 Bloodlines
36:21 Stone Mining
38:01 Crop Rotation
38:51 Plate Barding Armor
39:16 Blast Furnace
39:24 Cavalier
40:59 Savar
46:20 Heavy Camel Rider
Sabio Pervertido
0:47 Loom
11:19 Feudal Age
12:39 Wheelbarrow
17:00 Castle Age
14:47 Double-Bit Axe
16:50 Horse Collar
17:04 Gold Mining
17:04 Stone Mining
24:57 Heavy Plow
25:28 Caravan
25:34 Caravan
26:09 Bow Saw
27:08 Hand Cart
27:11 Town Watch
27:20 Fletching
27:30 Padded Archer Armor
27:53 Bodkin Arrow
29:16 Gold Shaft Mining
29:18 Leather Archer Armor
29:34 Forging
29:24 Scale Mail Armor
29:29 Scale Barding Armor
29:47 Town Patrol
34:22 Imperial Age
32:10 Chain Mail Armor
32:15 Chain Barding Armor
32:40 Crossbowman
33:26 Thumb Ring
34:00 Ballistics
35:03 Bracer
35:33 Ring Archer Armor
36:11 Chemistry
34:36 Arbalester
34:37 Elite Skirmisher
36:57 Plate Mail Armor
36:39 Elite White Feather Guard
37:24 Coiled Serpent Array
37:27 Bolt Magazine
38:23 Plate Barding Armor
38:21 Conscription
38:22 Masonry
40:42 Two-Man Saw
41:16 Fortified Wall
41:02 Murder Holes
41:37 Architecture
42:13 Husbandry
41:34 Heavy Hei Guang Cavalry
41:35 Light Cavalry
47:15 Pikeman
47:55 Squires
47:41 Gambesons
47:42 Arson
47:59 Halberdier
CC182
6:23 Loom
8:43 Feudal Age
9:55 Double-Bit Axe
17:54 Town Watch
19:08 Horse Collar
29:47 Castle Age
36:22 Imperial Age
33:54 Treadmill Crane
36:53 Redemption
37:39 Block Printing
39:02 Ballistics
39:42 Chemistry
38:44 Fletching
38:55 Padded Archer Armor
40:27 Leather Archer Armor
41:28 Bodkin Arrow
41:27 Elite Guecha Warrior
41:35 Elite Guecha Warrior
43:05 Murder Holes
Pablo
12:30 Feudal Age
17:11 Castle Age
24:37 Double-Bit Axe
24:33 Horse Collar
29:22 Wheelbarrow
32:41 Imperial Age
31:35 Bow Saw
32:32 Fortified Wall
32:37 Heavy Plow
34:26 Chemistry
33:49 Hand Cart
33:45 Arquebus
33:41 Elite Organ Gun
35:19 Conscription
35:18 Siege Engineers
41:06 Gold Mining
sakuzi
0:47 Loom
13:19 Feudal Age
19:51 Castle Age
18:36 Fletching
19:33 Double-Bit Axe
19:41 Gold Mining
26:22 Bow Saw
28:00 Gold Shaft Mining
27:54 Ballistics
35:27 Caravan
35:31 Stone Mining
39:48 Imperial Age
39:09 Bodkin Arrow
39:15 Padded Archer Armor
41:16 Yeomen
41:17 Conscription
41:08 Onager
43:54 Chemistry
48:46 Elite Longbowman
Lukita
1:04 Loom
1:30 Loom
15:36 Feudal Age
19:27 Castle Age
17:20 Double-Bit Axe
17:53 Horse Collar
20:18 Heavy Plow
21:06 Bow Saw
24:41 Wheelbarrow
23:52 Town Watch
25:07 Gold Mining
26:51 Hand Cart
29:26 Stone Mining
30:12 Gold Shaft Mining
33:46 Imperial Age
32:09 Town Patrol
32:46 Ballistics
34:20 Caravan
35:30 Chemistry
34:37 Siege Engineers
34:35 Torsion Engines
35:23 Onager
36:02 Fletching
36:49 Bodkin Arrow
38:19 Two-Man Saw
37:05 Heavy Scorpion
39:47 Conscription
39:28 Murder Holes
47:05 Fortified Wall
47:06 Masonry
Jkun
10:56 Feudal Age
12:19 Loom
15:18 Castle Age
13:23 Double-Bit Axe
19:57 Bow Saw
22:48 Wheelbarrow
26:19 Hand Cart
29:27 Imperial Age
27:52 Scale Barding Armor
28:57 Husbandry
29:18 Chain Barding Armor
28:52 Gold Mining
30:03 Forging
29:45 Cavalier
30:53 #83
30:55 Conscription
31:10 #83
31:11 Conscription
31:09 Paladin
31:15 Paladin
32:45 Plate Barding Armor
32:47 Iron Casting
33:25 Chemistry
33:16 Gold Shaft Mining
32:32 Stone Mining
33:56 Iron Casting
34:31 Siege Engineers
35:20 Coinage
36:06 Blast Furnace
35:23 Masonry
35:46 Town Watch
36:36 Architecture
36:21 Fortified Wall
36:52 Banking
38:22 Light Cavalry
40:33 Caravan
46:41 Scale Mail Armor
46:39 Murder Holes
等我升精锐
0:58 Loom
11:15 Feudal Age
15:26 Castle Age
14:32 Double-Bit Axe
18:42 Horse Collar
24:31 Wheelbarrow
25:49 Bow Saw
27:15 Heavy Plow
27:08 Gold Mining
27:08 Stone Mining
31:16 Imperial Age
29:12 Hand Cart
29:02 Fletching
29:36 Ballistics
29:57 Gold Shaft Mining
29:38 Pikeman
30:18 Squires
30:04 Arson
30:17 Bodkin Arrow
31:06 Scale Mail Armor
30:49 Treadmill Crane
31:21 Masonry
31:08 Murder Holes
31:23 Town Watch
31:30 Halberdier
32:03 Guard Tower
32:17 Yasama
33:16 Conscription
34:16 Chemistry
33:35 Bracer
34:40 Keep
36:17 Two-Man Saw
35:11 Arrowslits
35:41 Forging
36:00 Kataparuto
36:57 Chain Mail Armor
38:16 Plate Mail Armor
38:22 Iron Casting
40:30 Coinage
40:01 Caravan
45:21 Blast Furnace
45:06 Siege Engineers
45:13 Fortified Wall
47:46 Banking
Connection lost

Rejoining the realm…

Still unreachable

The connection could not be restored.

Session expired

The server has moved on; the page needs a fresh start.